 Dungeon Crawl Stone Soup version 0.31.0-12-g77e489cdc1 (webtiles) character file.

Game seed: 6891135359787628829

122 Fodor the Covered (level 4, 0/40 HPs)
             Began as a Minotaur Fighter on Mar 3, 2024.
             Killed from afar by an orc wizard (12 damage)
             ... with a magic dart
             ... on level 3 of the Dungeon.
             The game lasted 00:08:59 (1618 turns).

Fodor the Covered (Minotaur Fighter)                Turns: 1618, Time: 00:09:00

Health: 0/40       AC:  7    Str: 23    XL:     4   Next: 78%
Magic:  3/3        EV: 10    Int:  5    God:
Gold:   128        SH:  0    Dex:  9    Spells: 3/3 levels left

rFire   . . .        a - +0 war axe
rCold   . . .        c - +0 buckler
rNeg    . . .        b - +0 scale mail
rPois   .            (helmet restricted)
rElec   .            (no cloak)
rCorr   .            (no gloves)
SInv    .            (no boots)
Will    .....        (no amulet) Stlth
                     (no ring)
HPRegen 0.26/turn    (no ring)
MPRegen 0.08/turn

%: no passive effects
@: confused, mighty
A: horns 2, retaliatory headbutt
a: no special abilities


You were on level 3 of the Dungeon.
You visited 1 branch of the dungeon, and saw 3 of its levels.

You collected 128 gold pieces.

Inventory:

Hand Weapons
 a - a +0 war axe (weapon)
Missiles
 k - 5 boomerangs (quivered)
Armour
 b - a +0 scale mail (worn)
 c - a +0 buckler (worn)
Jewellery
 h - an amulet of faith
Scrolls
 f - a scroll of silence {unknown}
 g - a scroll of noise {unknown}
 j - 2 scrolls of identify {unknown}
 l - a scroll of fog {unknown}
Potions
 i - a potion of cancellation {unknown}
 m - a potion of enlightenment {unknown}


   Skills:
 + Level 4.2 Fighting
 + Level 4.2 Axes
 + Level 4.4 Armour
 + Level 1.6 Dodging
 + Level 4.0 Shields


You had 3 spell levels left.
You didn't know any spells.
Your spell library contained the following spells:

 Spells                   Type           Power      Damage    Failure   Level
 Freeze                   Ice            0%         1d3       83%         1
 Frozen Ramparts          Ice            0%         1d1       99%         3
 Hailstorm                Conj/Ice       0%         3d5       99%         3


Dungeon Overview and Level Annotations

Branches:
Dungeon (3/15)

Altars:
Yredelemnul


Innate Abilities, Weirdness & Mutations

You have a pair of horns on your head.
You reflexively headbutt those who attack you in melee.


Message History

You barely miss something. Your headbutt misses something.
Something hits you but does no damage. x2
You hit something. Something hits you but does no damage.
You barely miss something. Something hits you but does no damage.
You hit something. Your headbutt misses something.
You hear some strange, mumbled words.
A magic dart appears from out of thin air!
The magic dart hits you. Something completely misses you.
You barely miss something.
You hear a zap.
Something tries to affect you, but you resist.
You barely miss something.
You hear some strange, mumbled words.
You are confused.
You bump into the rock wall.
You hear some strange, mumbled words.
A puff of flame appears from out of thin air!
The puff of flame hits you!
* * * LOW HITPOINT WARNING * * *
You miss something.
You hear a zap.
Your will is overpowered!
You are more confused.
You hear a zap.
Your will is overpowered!
You are more confused.
You closely miss something. Something hits you but does no damage.
Something hits you but does no damage. Something hits you but does no damage.
You bump into the rock wall.
Something hits you.
* * * LOW HITPOINT WARNING * * *
Something hits you but does no damage.
You bump into the rock wall.
You hear some strange, mumbled words.
A magic dart appears from out of thin air!
The magic dart hits you but does no damage.
Something hits you but does no damage.
You bump into the rock wall.
You hear some strange, mumbled words.
A magic dart appears from out of thin air!
The magic dart hits you!
You die...

#.. .
#..#######..#
#........#.##.
#.#..........#
# #.......##[.
#......##
#..##..#
##....## #{@.##
#)#).#########
#.##.........#
#..####.......#
#.## #.......##
#. #........#
#. ########.#
.. #.##### .#
#......


There were no monsters in sight!

Vanquished Creatures
  4 gnolls
  An adder (D:2)
  2 ribbon worms (D:2)
  A dart slug (D:2)
  3 orcs (D:3)
  3 ball pythons
  3 bats
  6 endoplasms
  2 giant cockroaches
  11 goblins
  5 hobgoblins
  4 jackals (D:1)
  A quokka (D:1)
  6 frilled lizards
  4 kobolds
  7 rats
63 creatures vanquished.

Notes
Turn   | Place    | Note
-------+----------+-------------------------------------------
     0 | D:1      | Fodor the Minotaur Fighter began the quest for the Orb.
     0 | D:1      | Reached XP level 1. HP: 19/19 MP: 0/0
   100 | D:1      | Reached XP level 2. HP: 20/27 MP: 1/1
   201 | D:1      | Reached skill level 1 in Dodging
   247 | D:1      | Reached XP level 3. HP: 33/33 MP: 2/2
   970 | D:2      | Reached XP level 4. HP: 24/40 MP: 3/3
  1247 | D:2      | Found a basalt altar of Yredelemnul.
  1594 | D:3      | HP: 1/40 [something/puff of flame (12)]
  1618 | D:3      | Killed from afar by an orc wizard

Illustrated notes

Levels and vault maps discovered:
D:1:      dpeg_arrival_refuge, layout_basic
D:2:      layout_basic, basic_altar
D:3:      layout_rooms, shapermc_ecumenical_altar_petra,
          chequers_serial_rivers_room_b, grunt_ministairs_3, minmay_surrounded

Skill      XL: |  1  2  3  4 |
---------------+-------------+-----
Dodging        | 1 |  1.6
Shields        | 4 |  4.0
Armour         | 4 |  4.4
Fighting       | 4 |  4.2
Axes           | 3 4 |  4.2

Action                     |  1- 3 |  4- 6 || total
---------------------------+-------+-------++-------
  Melee: War axe           |    92 |    58 ||   150
         Headbutt          |    12 |     7 ||    19
    Use: Potion            |       |     4 ||     4
 Armour: Scale mail        |    76 |    65 ||   141
  Dodge: Dodged            |    44 |    25 ||    69
  Block: Buckler           |    14 |    12 ||    26
